 Dungeon Crawl Stone Soup version 0.20.0-15-g7f486f2 (webtiles) character file.

366 Naow the Magician (level 6, -3/32 HPs)
             Began as a Deep Elf Earth Elementalist on June 10, 2017.
             Slain by Grinder (7 damage)
             ... on level 3 of the Dungeon.
             The game lasted 00:06:47 (3093 turns).

Naow the Magician (Deep Elf Earth Elementalist)     Turns: 3093, Time: 00:06:48

Health: -3/32      AC:  4    Str:  5    XL:     6   Next: 40%
Magic:  1/17       EV: 13    Int: 22    God:
Gold:   149        SH:  0    Dex: 15    Spells: 8/18 levels left

rFire    . . .     SeeInvis .   (no weapon)
rCold    . . .     Gourm    .   (no shield)
rNeg     . . .     Faith    .   c - +0 robe
rPois    .         Spirit   .   (no helmet)
rElec    .         Reflect  .   (no cloak)
rCorr    .         Harm     .   (no gloves)
MR       .....                  t - +1 pair of boots
Stlth    ++........             (no amulet)
Regen    0.1/turn               (no ring)
MPRegen  0.2/turn               (no ring)

@: no status effects
A: no striking features
a: no special abilities


You were on level 3 of the Dungeon.
You were hungry.

You visited 1 branch of the dungeon, and saw 4 of its levels.

You collected 149 gold pieces.

Inventory:

Missiles
 b - 91 stones (quivered)
Armour
 c - a +0 robe (worn)
 l - a +0 pair of boots
 t - a +1 pair of boots (worn)
Wands
 u - a wand of flame (16/48)
Scrolls
 a - 2 scrolls of amnesia {unknown}
 i - 2 scrolls of identify {unknown}
 m - 2 scrolls of blinking {unknown}
 n - 2 scrolls of fear {unknown}
 p - a scroll of recharging {unknown}
 q - a scroll of enchant armour {unknown}
 r - 3 scrolls of remove curse {unknown}
 s - 2 scrolls of teleportation {unknown}
 w - a scroll of fog {unknown}
 x - a scroll of random uselessness {unknown}
Potions
 g - a potion of invisibility {unknown}
 h - 5 potions of curing {unknown}
 k - a potion of haste {unknown}
 o - a potion of lignification {unknown}
 v - a potion of mutation {unknown}
Books
 e - a book of Geomancy

   Spells                             Type                      Level
   a - Sandblast                      Earth                        1
   b - Passwall                       Transmutation/Earth          2
   c - Stone Arrow                    Conjuration/Earth            3
   d - Petrify                        Transmutation/Earth          4
   e - Lee's Rapid Deconstruction     Earth                        5
Comestibles
 d - 3 bread rations
 f - 3 fruits
 j - a meat ration


   Skills:
 - Level 2.4 Dodging
 - Level 2.4 Stealth
 + Level 6.8 Spellcasting
 - Level 1.1 Transmutations
 + Level 6.0 Earth Magic


You had 8 spell levels left.
You knew the following spells:

 Your Spells              Type           Power        Failure   Level  Hunger
a - Sandblast             Erth           ####..       1%          1    None
b - Stone Arrow           Conj/Erth      ###...       7%          3    None
c - Passwall              Tmut/Erth      ###.......   3%          2    None
d - Petrify               Tmut/Erth      ###.....     19%         4    ###....


Dungeon Overview and Level Annotations

Branches:
Dungeon (4/15)
 Temple: D:4-7

Altars:
Dithmenos
Fedhas

Annotations:
D:3 Grinder, Sigmund


Message History

You eat the chunk of flesh.
This raw flesh tastes terrible.
You are feeling hungry.
Grinder barely misses you.
Casting: Sandblast
Confirm with . or Enter, or press ? or * to list all spells.
Which direction?
Grinder gestures at you.
You suddenly lose the ability to move!
Grinder hits you. Grinder gestures at you.
You shrug off the repeated paralysis!
Grinder hits you!
You writhe in agony.
* * * LOW HITPOINT WARNING * * *
You can move again.
You begin to meditate on the wall.
You continue meditating on the rock.
Grinder hits you.
* * * LOW HITPOINT WARNING * * *
You continue meditating on the rock.
Grinder hits you!
You die...

##.##..#[##.......####
#.##..#.##...........
#................####
####.#####.......#### #.#
#.##.#..#...
####.#####.##.#..#.##
#.รท.....##.##.#..#.##
#.##5##.##.##.#......
#.##@..............##
##########
#.#####.##.#.#.#####
....##...####...5...#####.##
.....#.....))(.###### #.#
......)..#####.# ##.##
.......)## #.# #...#
......### #.# #...# .....##
####.### #...# #...##
#......## #...#


You could see Grinder.

Vanquished Creatures
  An ogre (D:3)
  The ghost of Deathclocker the Magician, an amateur DEFE (D:3)
  3 orc wizards
  Robin (D:3)
  3 adders
  4 oozes
  An adder skeleton (D:4)
  A dart slug (D:1)
  8 orcs
  A ball python (D:3)
  A giant cockroach (D:1)
  8 hobgoblins
  3 jackals (D:2)
  4 bats
  6 frilled lizards
  13 goblins
  7 kobolds
  3 rats
69 creatures vanquished.

Notes
Turn   | Place    | Note
-------+----------+-------------------------------------------
     0 | D:1      | Naow the Deep Elf Earth Elementalist began the quest for the Orb.
     0 | D:1      | Reached XP level 1. HP: 10/10 MP: 6/6
   188 | D:1      | Reached XP level 2. HP: 15/15 MP: 6/8
   849 | D:2      | Reached XP level 3. HP: 19/19 MP: 6/10
   920 | D:2      | Found a shadowy altar of Dithmenos.
  1000 | D:2      | Found a blossoming altar of Fedhas.
  1218 | D:2      | Learned a level 3 spell: Stone Arrow
  1221 | D:2      | Learned a level 2 spell: Passwall
  1463 | D:3      | Reached XP level 4. HP: 24/24 MP: 9/12
  1617 | D:3      | Noticed an ogre
  1628 | D:3      | Learned a level 4 spell: Petrify
  1638 | D:3      | Killed an ogre
  1638 | D:3      | Reached skill level 5 in Spellcasting
  1638 | D:3      | Reached skill level 5 in Earth Magic
  1638 | D:3      | Reached XP level 5. HP: 28/28 MP: 3/15
  1749 | D:3      | Noticed Sigmund
  1801 | D:3      | Noticed Robin
  1820 | D:3      | Killed Robin
  1876 | D:3      | Noticed Deathclocker's ghost (amateur DEFE)
  1884 | D:3      | Killed Deathclocker's ghost
  2056 | D:3      | Reached XP level 6. HP: 17/32 MP: 10/17
  2555 | D:3      | Noticed Grinder
  3075 | D:3      | Paralysed by Grinder for 6 turns
  3088 | D:3      | Paralysed by Grinder for 4 turns
  3093 | D:3      | Slain by Grinder

Skill      XL: |  1  2  3  4  5  6 |
---------------+-------------------+-----
Earth Magic    | 4 5 6 |  6.0
Spellcasting   | 4 5 6 |  6.8
Dodging        | |  2.4
Stealth        | |  2.4
Transmutations | |  1.1

Action                   |  1- 3 |  4- 6 || total
-------------------------+-------+-------++-------
Melee: Unarmed           |     6 |     2 ||     8
 Cast: Sandblast         |    47 |    37 ||    84
       Stone Arrow       |       |    18 ||    18
       Petrify           |       |     7 ||     7
       Passwall          |       |     3 ||     3
  Eat: Chunk             |     1 |     5 ||     6
       Fruit             |       |     1 ||     1
Armor: Robe              |     1 |    19 ||    20
Dodge: Dodged            |    20 |    15 ||    35
